 Dungeon Crawl Stone Soup version 0.28-a0-620-g539b0f7ac7 (webtiles) character file.

Game seed: 4625323000212737136

3472 siradein the Ruffian (level 9, -9/87 HPs)
             Began as a Troll Transmuter on Oct 7, 2021.
             Was a Follower of Uskayaw.
             Killed from afar by Erica (37 damage)
             ... with a bolt of poison
             ... on level 8 of the Dungeon.
             The game lasted 00:23:14 (7250 turns).

siradein the Ruffian (Troll Transmuter)             Turns: 7250, Time: 00:23:15

Health: -9/87      AC:  6    Str: 26    XL:     9   Next: 79%
Magic:  12/13      EV: 11    Int: 11    God:    Uskayaw [*.....]
Gold:   457        SH:  0    Dex: 11    Spells: 5/15 levels left

rFire   . . .      SeeInvis .     - Unarmed
rCold   . . .      Faith    .   (no shield)
rNeg    + . .      Spirit   .   s - +2 robe {Archmagi}
rPois   .          Reflect  .   (helmet restricted)
rElec   .          Harm     .   (no cloak)
rCorr   .          Rampage  .   (gloves unavailable)
Will    .....      Archmagi +   (boots unavailable)
Stlth   +.........              (no amulet)
HPRegen 1.24/turn               k - +6 ring of strength
MPRegen 0.13/turn               B - ring of positive energy

@: lethally poisoned (-9 -> -23), wereblooded (expiring), very slightly
contaminated, slowed, very slow
A: large, unfitting armour, claws 3, regeneration 1, shaggy fur 1, tough skin 1
a: Renounce Religion, Stomp


You were on level 8 of the Dungeon.
You worshipped Uskayaw.
Uskayaw was noncommittal.
You visited 2 branches of the dungeon, and saw 9 of its levels.

You collected 485 gold pieces.
You spent 28 gold pieces at shops.

Inventory:

Hand Weapons
 t - the +11 short sword of Purpose {flame, rElec rN+ rCorr}
   (You took it off a goblin on level 4 of the Dungeon)

   It burns those it strikes, dealing additional fire damage.
   rElec:     It insulates you from electricity.
   rN:        It protects you from negative energy.
   rCorr:     It protects you from acid and corrosion.
Missiles
 i - 5 javelins
 w - 20 poisoned darts
 x - 4 curare-tipped darts
Armour
 s - a +2 robe of the Archmagi (worn)
Jewellery
 k - a +6 ring of strength (left claw)
 B - a ring of positive energy (right claw)
 D - a ring of ice
Wands
 n - a wand of iceblast (5)
 o - a wand of flame (10)
 v - a wand of acid (8)
Scrolls
 g - a scroll of fear
 h - a scroll of immolation
 m - a scroll of enchant weapon
 y - 3 scrolls of silence
 A - a scroll of fog
 C - a scroll of teleportation
Potions
 a - a potion of lignification {unknown}
 c - 3 potions of heal wounds
 d - a potion of flight {unknown}
 e - 2 potions of invisibility
 f - a potion of resistance {unknown}
 j - a potion of might {unknown}
 l - a potion of berserk rage {unknown}
 q - a potion of ambrosia {unknown}
 u - 3 potions of curing {unknown}
 z - 2 potions of degeneration {unknown}
 E - a potion of attraction {unknown}


   Skills:
 + Level 4.9 Fighting
 + Level 5.1 Dodging
 + Level 6.7 Unarmed Combat
 + Level 3.9 Spellcasting
 + Level 4.7 Transmutations
 + Level 2.4 Invocations
 + Level 2.1 Evocations


You had 5 spell levels left.
You knew the following spells:

 Your Spells              Type           Power      Damage    Failure   Level
a - Beastly Appendage     Tmut           36%        N/A       3%          1
b - Wereblood             Tmut           18%        N/A       5%          2
c - Spider Form           Tmut/Pois      5%         N/A       26%         3
d - Ice Form              Ice/Tmut       10%        N/A       65%         4

Your spell library contained the following spells:

 Spells                   Type           Power      Damage    Failure   Level
 Passwall                 Tmut/Erth      8%         N/A       14%         2
 Magic Dart               Conj           12%        1d3       24%         1
 Sandblast                Erth           6%         2d5       24%         1
 Blink                    Tloc           N/A        N/A       36%         2
 Call Imp                 Summ           3%         N/A       36%         2
 Static Discharge         Conj/Air       3%         N/A       36%         2
 Mephitic Cloud           Conj/Pois/Air  3%         N/A       58%         3
 Portal Projectile        Hex/Tloc       6%         N/A       58%         3
 Stone Arrow              Conj/Erth      6%         3d7       58%         3
 Blade Hands              Tmut           9%         N/A       67%         5
 Animate Dead             Necr           1%         N/A       94%         4
 Summon Lightning Spire   Summ/Air       3%         N/A       94%         4
 Excruciating Wounds      Necr           1%         N/A       100%        5
 Lightning Bolt           Conj/Air       1%         1d12      100%        5
 Manifold Assault         Tloc           3%         N/A       100%        5
 Haunt                    Necr/Summ      1%         N/A       100%        7
 Storm Form               Tmut/Air       5%         N/A       100%        7
 Infestation              Necr           1%         N/A       100%        8
 Maxwell's Capacitive Co  Air            1%         ∞         100%        8


Dungeon Overview and Level Annotations

Branches:
Dungeon (8/15)             Temple (1/1) D:4
   Lair: D:8-11

Altars:
Ashenzari
Cheibriados
Dithmenos
Fedhas
Gozag
Hepliaklqana
Kikubaaqudgha
Makhleb
Nemelex Xobeh
Okawaru
Qazlal
Trog
Uskayaw
Vehumet
Wu Jian
Xom
Yredelemnul
Zin
The Shining One

Shops:
D:2 ?   D:5 *

Annotations:
D:8 Erica


Innate Abilities, Weirdness & Mutations

You are too large for most types of armour.
You have claws for hands.
Your natural rate of healing is unusually fast.
You are covered in fur. (AC +1)
You have tough skin. (AC +1)


Message History

Something burns you.
You can now pass through a line of other dancers.
You miss something. Your kick misses something. Your headbutt misses something.
Something hits you! Something burns you!
You claw something! You claw something.
Your transformation is almost over.
Something hits you. Something burns you.
You miss something. You headbutt something. Something hits you!
Something burns you.
You barely miss something. Your headbutt misses something.
You hear some strange, mumbled words.
A lance of force appears from out of thin air!
The lance of force misses you.
You scratch something. Your kick misses something.
You hear some strange, mumbled words.
Something tries to affect you, but you resist.
Your horns disappear.
Your talons disappear.
Found 8 gold pieces.
You feel yourself slow down.
You can no longer pass through a line of other dancers.
Found a metallic black potion.
You hear some strange, mumbled words.
A bolt of poison appears from out of thin air!
The bolt of poison misses you.
You hear some strange, mumbled words.
A bolt of poison appears from out of thin air!
The bolt of poison hits you!!
You are poisoned.
Your primal bloodlust is almost over.
You feel very sick.
Casting: Wereblood (safe; 5% risk of failure)
Confirm with . or Enter, or press ? or * to list all spells.
You feel a surge of power!
You miscast Beastly Appendage.
You are very lightly contaminated with residual magic.
Nothing appears to happen.
You feel very sick.
You hear some strange, mumbled words.
A bolt of poison appears from out of thin air!
The bolt of poison hits you!!!
You are more poisoned.
You die...

........# ........#
........+ ###+#######
........# #..........
........# #..$.......
........# #..........
...$....# #..........
.....!.@# #..........
........# #..........
###....{# +..........
#.....#+####........##
#...................#
#...................#
#...................#
#...................#
#.........#######...#


There were no monsters in sight!

Vanquished Creatures
  Prince Ribbit (D:7)
  Duvessa (D:4)
  A water moccasin (D:4)
  3 sky beasts
  2 orc warriors
  2 hornet zombies
  An ice beast (D:6)
  2 ogres (D:5)
  2 centaurs
  A phantom (D:6)
  Blork the orc (D:4)
  2 bullfrogs
  3 scorpions
  Dowan (D:4)
  2 water moccasin zombies
  9 wights (D:7)
  3 howler monkeys (D:7)
  3 electric eels (D:7)
  4 hounds
  3 orc priests
  A gnoll shaman (D:7)
  2 jellies
  Ijyb (D:5)
  A bullfrog skeleton (D:5)
  2 iguanas
  4 orc wizards
  A scorpion zombie (D:5)
  A howler monkey zombie (D:5)
  6 gnolls
  7 adders
  A white imp (D:5)
  An adder skeleton (D:4)
  2 worms
  22 orcs
  8 endoplasms
  4 giant cockroaches
  11 goblins
  9 hobgoblins
  2 jackals (D:4)
  7 kobolds
  5 quokkas
  4 ball pythons
  9 bats
  2 frilled lizards
  2 rats (D:1)
  A toadstool (D:5)
163 creatures vanquished.

Vanquished Creatures (others)
  3 fungi (D:5)
  11 plants (D:7)
  4 toadstools (D:5)
18 creatures vanquished.

Grand Total: 181 creatures vanquished

Notes
Turn   | Place    | Note
-------+----------+-------------------------------------------
     0 | D:1      | siradein the Troll Transmuter began the quest for the Orb.
     0 | D:1      | Reached XP level 1. HP: 18/18 MP: 1/1
   235 | D:1      | Reached skill level 1 in Fighting
   240 | D:1      | Reached XP level 2. HP: 27/27 MP: 3/3
   664 | D:1      | Found a faded altar of an unknown god.
   851 | D:2      | Found Ylok's Magic Scroll Shop.
   859 | D:2      | Bought a scroll of identify for 28 gold pieces
   877 | D:2      | Reached XP level 3. HP: 32/33 MP: 4/4
  1102 | D:2      | Found a hide-covered altar of Uskayaw.
  1512 | D:3      | Learned a level 2 spell: Wereblood
  1513 | D:3      | Found a blossoming altar of Fedhas.
  1540 | D:3      | Reached XP level 4. HP: 42/42 MP: 1/5
  1765 | D:3      | Reached XP level 5. HP: 48/49 MP: 6/6
  2255 | D:3      | Found a hide-covered altar of Uskayaw.
  2313 | D:4      | Noticed Blork the orc
  2321 | D:4      | Reached skill level 4 in Unarmed Combat
  2321 | D:4      | Reached XP level 6. HP: 56/57 MP: 4/8
  2323 | D:4      | Killed Blork the orc
  2460 | D:4      | Found an ornate altar of the Wu Jian Council.
  2577 | D:4      | Noticed a spectral centipede
  2577 | D:4      | Noticed a spectral black mamba
  2577 | D:4      | Noticed a spectral cane toad
  2629 | D:4      | Noticed Duvessa
  2741 | D:4      | Killed Duvessa
  2743 | D:4      | Noticed Dowan
  2754 | D:4      | Killed Dowan
  2755 | D:4      | Reached XP level 7. HP: 29/66 MP: 7/9
  2922 | D:5      | Entered Level 5 of the Dungeon
  3195 | D:4      | Identified the +11 short sword of Purpose {flame, rElec rN+
                  | rCorr}
  3382 | D:5      | Found a stormy altar of Qazlal.
  3424 | D:5      | Reached skill level 5 in Unarmed Combat
  3470 | D:5      | Reached XP level 8. HP: 59/75 MP: 6/11
  3529 | D:5      | Found Jukk's General Store.
  3541 | D:5      | Learned a level 3 spell: Spider Form
  3546 | D:5      | Learned a level 4 spell: Ice Form
  3595 | D:5      | Noticed Ijyb
  3606 | D:5      | Killed Ijyb
  3647 | D:5      | Found a bloodstained altar of Trog.
  3899 | D:4      | Found a broken altar of Ashenzari.
  3971 | D:4      | Found a staircase to the Ecumenical Temple.
  4177 | D:5      | Found a shimmering altar of Xom.
  5620 | Temple   | Entered the Ecumenical Temple
  5814 | D:3      | Became a worshipper of Uskayaw the Reveller
  5871 | D:7      | Reached * piety under Uskayaw
  5903 | D:7      | Reached ** piety under Uskayaw
  5912 | D:7      | Reached *** piety under Uskayaw
  5919 | D:7      | Reached **** piety under Uskayaw
  5921 | D:7      | Reached skill level 6 in Unarmed Combat
  5921 | D:7      | Reached XP level 9. HP: 73/84 MP: 11/13
  5984 | D:7      | Reached skill level 1 in Invocations
  5995 | D:7      | Reached skill level 1 in Evocations
  5996 | D:7      | Reached ***** piety under Uskayaw
  6007 | D:7      | Noticed Prince Ribbit
  6019 | D:7      | Killed Prince Ribbit
  6102 | D:7      | Found a snail-covered altar of Cheibriados.
  6604 | D:7      | Reached skill level 5 in Dodging
  7223 | D:8      | Noticed Erica
  7250 | D:8      | Killed from afar by Erica

Illustrated notes

Levels and vault maps discovered:
D:1:      kennysheep_arrival_forest, layout_loops_ring,
          hellmonk_ecumenical_altar_inner_sanctum, corexii_hall_statues_i
D:2:      layout_basic, serial_shops, shop, basic_altar
D:3:      layout_loops_ring, lemuel_coloured_pillars_altar,
          mainiacjoe_overflow_brackets
D:4:      layout_rooms, pdpol_wu_jian_five_deadly_venoms, ashenzari_altar_1,
          minmay_temple_entry_enclosed_plants, chequers_serial_rivers_micro_e,
          minmay_goblin_outpost, uniq_blork_the_orc, uniq_duvessa
D:5:      layout_cave_pools, nicolae_qazlal_general_emergency,
          trog_butcher_becter, tgw_xom, serial_shops, shop,
          minmay_gold_behind_fungi, grunt_ministairs_10,
          hangedman_abyss_or_decor_jellyfish_corner, uniq_ijyb
D:6:      layout_layer_cave
D:7:      layout_rooms, mainiacjoe_overflow_alcove_2, hangedman_decor_lopped,
          chequers_big_river, uniq_prince_ribbit1
D:8:      layout_gridville, enter_ossuary_4, nicolae_shop_sticking_my_neck_out,
          uniq_erica
Temple:   jpeg_temple_clearing

Skill      XL: |  1  2  3  4  5  6  7  8  9 |
---------------+----------------------------+-----
Fighting       | 1 2 3 4 |  4.9
Dodging        | 2 3 4 5 |  5.1
Transmutations | 2 3 4 |  4.7
Spellcasting   | 2 3 |  3.9
Unarmed Combat | 4 5 6 |  6.7
Invocations    | 2 |  2.4
Evocations     | 2 |  2.1

Action                   |  1- 3 |  4- 6 |  7- 9 || total
-------------------------+-------+-------+-------++-------
Melee: Unarmed           |   102 |    78 |   292 ||   472
       Bite              |     3 |     1 |    11 ||    15
       Kick              |     5 |    15 |    58 ||    78
       Headbutt          |     3 |     7 |    31 ||    41
       Short sword       |       |       |     9 ||     9
 Cast: Beastly Appendage |     3 |     9 |    34 ||    46
       Wereblood         |     1 |     4 |    40 ||    45
  Use: Scroll            |     1 |     2 |     7 ||    10
 Stab: Paralysed         |       |       |     8 ||     8
Armor: Robe              |    37 |    15 |    61 ||   113
Dodge: Dodged            |    49 |    32 |   140 ||   221

Table legend: (Time is in decaauts)
 A = Elapsed time spent in this place.
 B = Non-inter-level travel time spent in this place.
 C = Inter-level travel time spent in this place.
 D = Time resting spent in this place.
 E = Time spent auto-exploring this place.
 F = Levels seen in this place.
 G = Mean time per level.
                   A        B        C        D        E       F      G
               +--------+--------+--------+--------+--------+-----+--------+
         Total |   7232 |   6933 |    299 |    331 |   5040 |   9 |  803.6 |
       Dungeon |   7084 |   6789 |    295 |    331 |   4929 |   8 |  885.5 |
        Temple |    147 |    144 |      3 |      0 |    111 |   1 |  147.0 |
               +--------+--------+--------+--------+--------+-----+--------+

Top non-repeatable levels by time:
     D:6: 1418 daAuts
     D:5: 1115 daAuts
     D:4: 1008 daAuts
     D:7: 997 daAuts
     D:1: 832 daAuts
     D:3: 816 daAuts
     D:2: 669 daAuts
     D:8: 226 daAuts
  Temple: 147 daAuts
